| TOP OF THE 1ST |
|
Columbus Clippers batting - Pitching for Round Rock Express : LHP Alfonso Guillen
|
|
Pitching: LHP Alfonso Guillen
|
|
|
Batting: LHB John Harring
|
0-0: Bunt missed! 0-1: Called Strike 0-2: Ball 1-2: Ball 2-2: Strikes out swinging
|
|
Batting: LHB Corey Trevor
|
0-0: Foul Ball, location: 2F 0-1: Ball 1-1: Ground out 4-3 (Groundball, 34D, EV 86.9 MPH)
|
|
Batting: RHB Christian Blue
|
0-0: Ball 1-0: DOUBLE (Line Drive, 89D, EV 102.5 MPH)
|
|
Batting: LHB Brent Albertson
|
0-0: Called Strike 0-1: Ball 1-1: Foul Ball, location: 2F 1-2: Ball 2-2: Foul Ball, location: 2F 2-2: Ball 3-2: Strikes out looking
|
| Top of the 1st over - 0 runs, 1 hit, 0 errors, 1 left on base; Columbus 0 - Round Rock 0 |
| BOTTOM OF THE 1ST |
|
Round Rock Express batting - Pitching for Columbus Clippers : RHP Matt Zambon
|
|
Pitching: RHP Matt Zambon
|
|
|
Batting: RHB Jason Sher
|
0-0: Ball 1-0: Called Strike 1-1: Ground out 6-3 (Groundball, 6, EV 86.9 MPH)
|
|
Batting: RHB Rodolfo Contreras
|
0-0: Ball 1-0: Ball 2-0: Ground out 4-3 (Groundball, 4, EV 78.1 MPH)
|
|
Batting: LHB Manuel Arguello
|
0-0: Ball 1-0: Ball 2-0: Hit by Pitch
|
|
Batting: RHB Ernie Weathersbee
|
0-0: Ball Manuel Arguello is caught stealing 2nd base 2-4
|
| Bottom of the 1st over - 0 runs, 0 hits, 0 errors, 0 left on base; Columbus 0 - Round Rock 0 |
| TOP OF THE 2ND |
|
Columbus Clippers batting - Pitching for Round Rock Express : LHP Alfonso Guillen
|
|
Batting: RHB John Shaffer
|
0-0: Called Strike 0-1: Ball 1-1: Swinging Strike 1-2: Ground out 6-3 (Groundball, 6, EV 84.4 MPH)
|
|
Batting: RHB Chris Folse
|
0-0: Swinging Strike 0-1: Foul Ball, location: 2F 0-2: Strikes out swinging
|
|
Batting: RHB Armando Galindo
|
0-0: Called Strike 0-1: Foul Ball, location: 2F 0-2: Ball 1-2: Ball 2-2: Strikes out swinging
|
| Top of the 2nd over - 0 runs, 0 hits, 0 errors, 0 left on base; Columbus 0 - Round Rock 0 |
| BOTTOM OF THE 2ND |
|
Round Rock Express batting - Pitching for Columbus Clippers : RHP Matt Zambon
|
|
Batting: RHB Ernie Weathersbee
|
0-0: Called Strike 0-1: Swinging Strike 0-2: Strikes out looking
|
|
Batting: SHB Lorenzo Meza
|
0-0: Ball 1-0: Ball 2-0: Called Strike 2-1: Ball 3-1: Called Strike 3-2: Base on Balls
|
|
Batting: SHB Greg Prime
|
0-0: Foul Ball, location: 2F 0-1: Ball Lorenzo Meza steals 2nd base (no throw) 1-1: Ball 2-1: Ball 3-1: Swinging Strike 3-2: Strikes out looking
|
|
Batting: RHB Tom Beckman
|
0-0: Ball 1-0: Ground out 6-3 (Groundball, 6, EV 85.6 MPH)
|
| Bottom of the 2nd over - 0 runs, 0 hits, 0 errors, 1 left on base; Columbus 0 - Round Rock 0 |
| TOP OF THE 3RD |
|
Columbus Clippers batting - Pitching for Round Rock Express : LHP Alfonso Guillen
|
|
Batting: RHB Chris Diaz
|
0-0: Ball 1-0: Ball 2-0: Foul Ball, location: 2F 2-1: Foul Ball, location: 2F 2-2: Strikes out swinging
|
|
Batting: RHB Tai Joo
|
0-0: Ball 1-0: Ball 2-0: Called Strike 2-1: Ball 3-1: Swinging Strike 3-2: Strikes out swinging
|
|
Batting: LHB John Harring
|
0-0: Ball 1-0: Called Strike 1-1: Swinging Strike 1-2: Strikes out looking
|
| Top of the 3rd over - 0 runs, 0 hits, 0 errors, 0 left on base; Columbus 0 - Round Rock 0 |
| BOTTOM OF THE 3RD |
|
Round Rock Express batting - Pitching for Columbus Clippers : RHP Matt Zambon
|
|
Batting: RHB Ivan Colon
|
0-0: Foul Ball, location: 2F 0-1: Foul Ball, location: 2F 0-2: Ball 1-2: Ball 2-2: Strikes out swinging
|
|
Batting: RHB Shoh Tanioka
|
0-0: Called Strike 0-1: Swinging Strike 0-2: Strikes out swinging
|
|
Batting: RHB Jason Sher
|
0-0: Ball 1-0: Fly out, F8 (Flyball, 8RS, EV 80.0 MPH)
|
| Bottom of the 3rd over - 0 runs, 0 hits, 0 errors, 0 left on base; Columbus 0 - Round Rock 0 |
| TOP OF THE 4TH |
|
Columbus Clippers batting - Pitching for Round Rock Express : LHP Alfonso Guillen
|
|
Batting: LHB Corey Trevor
|
0-0: Called Strike 0-1: Called Strike 0-2: Hit by Pitch
|
|
Batting: RHB Christian Blue
|
0-0: Ball Corey Trevor steals 2nd base 1-0: Ball 2-0: Ball 3-0: Called Strike 3-1: Called Strike 3-2: Foul Ball, location: 2F 3-2: Foul Ball, location: 2F 3-2: Foul Ball, location: 2F 3-2: Base on Balls
|
|
Batting: LHB Brent Albertson
|
0-0: Fly out, F8 (Flyball, 8RS, EV 83.1 MPH)
|
|
Batting: RHB John Shaffer
|
0-0: Called Strike 0-1: Ball 1-1: Ball 2-1: Grounds into double play, 3-6-3 (Groundball, 34S, EV 81.2 MPH)
|
| Top of the 4th over - 0 runs, 0 hits, 0 errors, 1 left on base; Columbus 0 - Round Rock 0 |
| BOTTOM OF THE 4TH |
|
Round Rock Express batting - Pitching for Columbus Clippers : RHP Matt Zambon
|
|
Batting: RHB Rodolfo Contreras
|
0-0: Fly out, F7 (Flyball, 78M, EV 81.9 MPH)
|
|
Batting: LHB Manuel Arguello
|
0-0: Called Strike 0-1: Foul Ball, location: 2F 0-2: Ball 1-2: Foul Ball, location: 2F 1-2: Fly out, F8 (Flyball, 8LXD, EV 109.4 MPH)
|
|
Batting: RHB Ernie Weathersbee
|
0-0: Foul Ball, location: 2F 0-1: Ground out 1-3 (Groundball, P, EV 65.6 MPH)
|
| Bottom of the 4th over - 0 runs, 0 hits, 0 errors, 0 left on base; Columbus 0 - Round Rock 0 |
| TOP OF THE 5TH |
|
Columbus Clippers batting - Pitching for Round Rock Express : LHP Alfonso Guillen
|
|
Batting: RHB Chris Folse
|
0-0: Ball 1-0: Swinging Strike 1-1: Ball 2-1: Ball 3-1: Ground out 5-3 (Groundball, 56, EV 87.5 MPH)
|
|
Batting: RHB Armando Galindo
|
0-0: Called Strike 0-1: Ball 1-1: Ground out 6-3 (Groundball, 6, EV 82.5 MPH)
|
|
Batting: RHB Chris Diaz
|
0-0: Ball 1-0: Called Strike 1-1: Ball 2-1: Fly out, F6 (Popup, 6MD, EV 42.5 MPH)
|
| Top of the 5th over - 0 runs, 0 hits, 0 errors, 0 left on base; Columbus 0 - Round Rock 0 |
| BOTTOM OF THE 5TH |
|
Round Rock Express batting - Pitching for Columbus Clippers : RHP Matt Zambon
|
|
Batting: SHB Lorenzo Meza
|
0-0: Called Strike 0-1: Ball 1-1: Ball 2-1: Ball 3-1: Foul Ball, location: 2F 3-2: Foul Ball, location: 2F 3-2: Strikes out looking
|
|
Batting: SHB Greg Prime
|
0-0: Ball 1-0: Foul Ball, location: 2F 1-1: Foul Ball, location: 2F 1-2: Fly out, F8 (Flyball, 78S, EV 74.4 MPH)
|
|
Batting: RHB Tom Beckman
|
0-0: Ball 1-0: Ball 2-0: Foul Ball, location: 2F 2-1: Ball 3-1: Foul Ball, location: 2F 3-2: Base on Balls
|
|
Batting: RHB Ivan Colon
|
0-0: Foul Ball, location: 2F 0-1: Called Strike 0-2: Strikes out swinging
|
| Bottom of the 5th over - 0 runs, 0 hits, 0 errors, 1 left on base; Columbus 0 - Round Rock 0 |
| TOP OF THE 6TH |
|
Columbus Clippers batting - Pitching for Round Rock Express : LHP Alfonso Guillen
|
|
Batting: RHB Tai Joo
|
0-0: Foul Ball, location: 2F 0-1: Ball 1-1: Ball 2-1: Fly out, F8 (Flyball, 8LM, EV 87.5 MPH)
|
|
Batting: LHB John Harring
|
0-0: Ground out 4-3 (Groundball, 4, EV 102.5 MPH)
|
|
Batting: LHB Corey Trevor
|
0-0: Ball 1-0: Ball 2-0: Fly out, F8 (Flyball, 8LD, EV 90.0 MPH)
|
| Top of the 6th over - 0 runs, 0 hits, 0 errors, 0 left on base; Columbus 0 - Round Rock 0 |
| BOTTOM OF THE 6TH |
|
Round Rock Express batting - Pitching for Columbus Clippers : RHP Matt Zambon
|
|
Batting: RHB Shoh Tanioka
|
0-0: Foul Ball, location: 2F 0-1: Ball 1-1: Ball 2-1: Ball 3-1: Base on Balls
|
|
Batting: RHB Jason Sher
|
0-0: Ball 1-0: Foul Ball, location: 2F 1-1: Ball 2-1: Fly out, F9 (Flyball, 9, EV 81.2 MPH)
|
|
Batting: RHB Rodolfo Contreras
|
0-0: Called Strike 0-1: Ball 1-1: Foul Ball, location: 2F 1-2: Foul Ball, location: 2F 1-2: Strikes out swinging
|
|
Batting: LHB Manuel Arguello
|
0-0: Called Strike 0-1: Called Strike 0-2: Foul Ball, location: 2F 0-2: Strikes out looking
|
| Bottom of the 6th over - 0 runs, 0 hits, 0 errors, 1 left on base; Columbus 0 - Round Rock 0 |
| TOP OF THE 7TH |
|
Columbus Clippers batting - Pitching for Round Rock Express : LHP Alfonso Guillen
|
|
Batting: RHB Christian Blue
|
0-0: Fly out, F4 (Line Drive, 4M, EV 65.6 MPH)
|
|
Batting: LHB Brent Albertson
|
0-0: Swinging Strike 0-1: Called Strike 0-2: Fly out, F9 (Flyball, 9LD, EV 96.2 MPH)
|
|
Batting: RHB John Shaffer
|
0-0: Ball 1-0: Called Strike 1-1: Called Strike 1-2: Ball 2-2: Foul Ball, location: 2F 2-2: Strikes out looking
|
| Top of the 7th over - 0 runs, 0 hits, 0 errors, 0 left on base; Columbus 0 - Round Rock 0 |
| BOTTOM OF THE 7TH |
|
Round Rock Express batting - Pitching for Columbus Clippers : RHP Matt Zambon
|
|
Batting: RHB Ernie Weathersbee
|
0-0: Ball 1-0: Ball 2-0: Called Strike 2-1: SINGLE (Groundball, 56, EV 106.9 MPH) (infield hit)
|
|
Batting: SHB Lorenzo Meza
|
0-0: Foul Ball, location: 2F 0-1: Ball 1-1: Ball 2-1: Fly out, F8 (Flyball, 89D, EV 91.9 MPH)
|
|
Batting: SHB Greg Prime
|
0-0: Called Strike 0-1: SINGLE (Line Drive, 7S, EV 96.9 MPH) Ernie Weathersbee to second
|
|
Batting: RHB Tom Beckman
|
0-0: Ball Ernie Weathersbee steals 3rd base 1-0: Called Strike 1-1: Foul Ball, location: 2F 1-2: Ball 2-2: Foul Ball, location: 2F 2-2: Foul Ball, location: 2F 2-2: Ball 3-2: Base on Balls Greg Prime to second
|
|
Pitching: RHP Arturo Rojas
|
|
|
Batting: RHB Ivan Colon
|
0-0: Ball 1-0: Ball 2-0: Ball 3-0: Called Strike 3-1: Fly out, F7 (Flyball, 7, EV 83.1 MPH)
|
|
Batting: RHB Shoh Tanioka
|
0-0: Foul Ball, location: 2F 0-1: Ball 1-1: Ball 2-1: Foul Ball, location: 2F 2-2: Ball 3-2: GRAND SLAM HOME RUN (Flyball, 7D, EV 98.8 MPH), Distance : 378 ft
|
|
Batting: RHB Jason Sher
|
0-0: Ball 1-0: Foul Ball, location: 2F 1-1: Foul Ball, location: 2F 1-2: Foul Ball, location: 2F 1-2: Ground out 6-3 (Groundball, 6M, EV 101.9 MPH)
|
| Bottom of the 7th over - 4 runs, 3 hits, 0 errors, 0 left on base; Columbus 0 - Round Rock 4 |
| TOP OF THE 8TH |
|
Columbus Clippers batting - Pitching for Round Rock Express : LHP Alfonso Guillen
|
|
Batting: RHB Chris Folse
|
0-0: Called Strike 0-1: Swinging Strike 0-2: Ball 1-2: Foul Ball, location: 2F 1-2: Foul Ball, location: 2F 1-2: Ball 2-2: Fly out, F9 (Flyball, 9LS, EV 81.9 MPH)
|
|
Batting: RHB Armando Galindo
|
0-0: Called Strike 0-1: Swinging Strike 0-2: Ball 1-2: SINGLE (Line Drive, 7S, EV 99.4 MPH)
|
|
Batting: RHB Chris Diaz
|
0-0: Ball 1-0: Ball Pickoff Throw to First - Out! 1-3 CS 2-0: Foul Ball, location: 2F 2-1: Foul Ball, location: 2F 2-2: Ball 3-2: Foul Ball, location: 2F 3-2: Base on Balls
|
|
Batting: RHB Tai Joo
|
0-0: DOUBLE (Line Drive, 89D, EV 104.4 MPH) Chris Diaz to third Runner from 3rd tries for Home, SAFE, no throw by CF
|
|
Pitching: RHP Victor Benitez
|
|
|
Now at 1B: Jason Sher
|
|
|
Now at 2B: Ivan Colon
|
|
|
Now at SS: John Loving
|
|
|
Batting: LHB John Harring
|
0-0: Foul Ball, location: 2F 0-1: Called Strike 0-2: Fly out, F8 (Flyball, 8RD, EV 94.4 MPH)
|
| Top of the 8th over - 1 run, 2 hits, 0 errors, 1 left on base; Columbus 1 - Round Rock 4 |
| BOTTOM OF THE 8TH |
|
Round Rock Express batting - Pitching for Columbus Clippers : RHP Arturo Rojas
|
|
Pitching: RHP Luis Lorez
|
|
|
Batting: RHB Rodolfo Contreras
|
0-0: Called Strike 0-1: Called Strike 0-2: Ball 1-2: Ball 2-2: Foul Ball, location: 2F 2-2: Foul Ball, location: 2F 2-2: Ball 3-2: SINGLE (Line Drive, 6MD, EV 103.1 MPH)
|
|
Batting: LHB Manuel Arguello
|
0-0: Ball 1-0: Ball 2-0: Fly out, F4 (Line Drive, 4, EV 67.5 MPH)
|
|
Batting: RHB Ernie Weathersbee
|
0-0: Ball Rodolfo Contreras steals 2nd base (no throw) 1-0: Called Strike 1-1: Foul Ball, location: 2F 1-2: Ball 2-2: Foul Ball, location: 2F 2-2: Foul Ball, location: 2F 2-2: Ball 3-2: Base on Balls
|
|
Batting: SHB Lorenzo Meza
|
0-0: Ball 1-0: Ball 2-0: Ball 3-0: Base on Balls Rodolfo Contreras to third Ernie Weathersbee to second
|
|
Batting: SHB Greg Prime
|
0-0: Foul Ball, location: 2F 0-1: Ball 1-1: Grounds into double play, 3-2-3 (Groundball, 3, EV 99.4 MPH)
|
| Bottom of the 8th over - 0 runs, 1 hit, 0 errors, 2 left on base; Columbus 1 - Round Rock 4 |
| TOP OF THE 9TH |
|
Columbus Clippers batting - Pitching for Round Rock Express : RHP Victor Benitez
|
|
Pitching: RHP Kurt Vitta
|
|
|
Batting: LHB Corey Trevor
|
0-0: Ball 1-0: Foul Ball, location: 2F 1-1: Foul Ball, location: 2F 1-2: Foul Ball, location: 2F 1-2: Fly out, F8 (Flyball, 8LM, EV 85.6 MPH)
|
|
Batting: RHB Christian Blue
|
0-0: Called Strike 0-1: Foul Ball, location: 2F 0-2: Foul Ball, location: 2F 0-2: Ball 1-2: Ball 2-2: Fly out, F7 (Line Drive, 78M, EV 90.6 MPH)
|
|
Batting: LHB Brent Albertson
|
0-0: Ball 1-0: Swinging Strike 1-1: Called Strike 1-2: Ball 2-2: Strikes out swinging
|
| Top of the 9th over - 0 runs, 0 hits, 0 errors, 0 left on base; Columbus 1 - Round Rock 4 |
|